 Dungeon Crawl Stone Soup version 0.27-a0-650-g8dd3ea4f36 (webtiles) character file.

Game seed: 2750096212130657040

8506 sahdkjhfkaj the Warrior (level 11, -2/135 HPs)
             Began as an Ogre Monk on Mar 16, 2021.
             Was an Elder of Trog.
             Slain by a komodo dragon (18 damage)
             ... on level 1 of the Lair of Beasts.
             The game lasted 00:11:27 (10447 turns).

sahdkjhfkaj the Warrior (Ogre Monk)                Turns: 10447, Time: 00:11:28

Health: -2/135     AC:  3    Str: 26    XL:     11   Next: 31%
Magic:  11/11      EV: 10    Int: 11    God:    Trog [****..]
Gold:   787        SH:  0    Dex: 11    Spells: 10/10 levels left

rFire    . . .     SeeInvis .   a - +4 broad axe (vorpal)
rCold    . . .     Faith    .   (no shield)
rNeg     . . .     Spirit   .   E - +0 robe
rPois    +         Reflect  .   (helmet restricted)
rElec    .         Harm     .   (no cloak)
rCorr    .         Rampage  .   (gloves unavailable)
Will     +....                  (boots unavailable)
Stlth    ++........             o - amulet of regeneration
HPRegen  1.32/turn              C - ring of poison resistance
MPRegen  0.12/turn              A - +6 ring of strength

@: berserk cooldown, slowed, very slow
A: large, unfitting armour, tough skin 1
a: Renounce Religion, Berserk, Trog's Hand, Brothers in Arms


You were on level 1 of the Lair of Beasts.
You worshipped Trog.
Trog was greatly pleased with you.
You visited 2 branches of the dungeon, and saw 11 of its levels.

You collected 787 gold pieces.

Inventory:

Hand Weapons
 a - a +4 vorpal broad axe (weapon)
 b - a +2 flail of protection
Armour
 l - a +0 kite shield
 E - a +0 robe (worn)
Jewellery
 o - an amulet of regeneration (around neck)
 v - the ring "Yqapnu Nit" {Ice Will+}
   (You found it on level 5 of the Dungeon)

   [ring of ice]

   It enhances your ice magic.
   It makes you vulnerable to fire.
   It protects you from cold.
   It affects your willpower, your defense against some magical effects.
 A - a +6 ring of strength (left hand)
 B - a ring of flight
 C - a ring of poison resistance (right hand)
Wands
 c - a wand of mindburst (16)
 j - a wand of charming (7)
 q - a wand of paralysis (10)
 y - a wand of random effects (37)
Scrolls
 h - a scroll of amnesia {unknown}
 k - a scroll of blinking {unknown}
 m - 4 scrolls of immolation
 w - 7 scrolls of teleportation
 x - 2 scrolls of magic mapping {unknown}
 D - a scroll of random uselessness {unknown}
Potions
 d - 3 potions of curing
 e - a potion of lignification {unknown}
 f - a potion of brilliance {unknown}
 g - a potion of cancellation {unknown}
 i - a potion of resistance {unknown}
 p - 3 potions of invisibility {unknown}
 r - a potion of attraction {unknown}
 t - a potion of haste {unknown}
 u - a potion of berserk rage {unknown}


   Skills:
 - Level 16.0 Fighting
 - Level 4.0 Short Blades
 + Level 10.6(10.8) Axes
 - Level 3.0(7.4) Polearms
 - Level 2.6 Dodging
 - Level 1.4 Stealth


You had 10 spell levels left.
You didn't know any spells.
Your spell library was empty.

Dungeon Overview and Level Annotations

Branches:
Dungeon (10/15)            Temple (0/1) D:5            Lair (1/6) D:8
    Orc (0/2) D:9

Altars:
Ashenzari
Elyvilon
Kikubaaqudgha
Makhleb
Okawaru
Qazlal
Ru
Sif Muna
Trog
Vehumet
Xom
Yredelemnul
The Shining One

Shops:
D:5 ?   D:10 [

Portals:
Trove: D:10 (give +2 gold dragon scales)


Innate Abilities, Weirdness & Mutations

You are too large for most types of armour.
You have tough skin. (AC +1)


Message History

Okay, then.
Unknown command.
Unknown command.
Unknown command.
Found a dire flail and 24 gold pieces.
Unknown command.
Unknown command.
Unknown command.
Unknown command.
Unknown command.
Unknown command.
Unknown command.
Unknown command.
The komodo dragon bites you!!
You see here 16 stones.
Unknown command.
Unknown command.
The komodo dragon bites you!!
Unknown command.
Unknown command.
Unknown command.
The komodo dragon bites you!!
Unknown command.
Unknown command.
The komodo dragon bites you!!
* * * LOW HITPOINT WARNING * * *
Unknown command.
Unknown command.
Okay, then.
Okay, then.
A bullfrog comes into view.
The komodo dragon bites you.
* * * LOW HITPOINT WARNING * * *
The bullfrog moves out of view.
Unknown command.
Unknown command.
The komodo dragon bites you!!
* * * LOW HITPOINT WARNING * * *
The komodo dragon bites you!!
You die...

## ..#### .###.##.###
..........# ..........##
...........# ### ####
...!.((.(.(###.##...####
..(....P................
.......(P..#........####
###............l@.......
###...........#...F...
#P......P...##.......
###########..........
###........ . #.......
.# ...#.#. ... ...###
.... ##


You could see a komodo dragon and a bullfrog (wandering).

Vanquished Creatures
  Harold (D:7)
  3 two-headed ogres
  2 cane toads (Lair:1)
  Psyche (D:8)
  A komodo dragon (Lair:1)
  Maggie (D:9)
  A wyvern (D:9)
  A steam dragon (D:9)
  4 vampire mosquitoes (D:10)
  4 water moccasins
  2 orc warriors
  2 ice beasts
  2 sky beasts
  5 ogres
  A necrophage (D:10)
  4 centaurs
  A kobold brigand (D:9)
  A gnoll sergeant (D:8)
  8 bullfrogs
  5 scorpions
  2 howler monkeys (D:9)
  A lava snake (D:9)
  6 hounds
  A quasit (D:7)
  3 bullfrog zombies
  A jelly (D:8)
  A gnoll shaman (D:5)
  A bullfrog skeleton (D:10)
  A centaur skeleton (D:10)
  An orc priest (D:10)
  10 orc wizards
  3 worker ants
  A statue (D:7)
  A killer bee zombie (D:6)
  A hound zombie (D:5)
  A hound skeleton (D:9)
  12 gnolls
  13 adders
  2 shadow imps (D:5)
  2 white imps
  4 ufetubi
  An adder skeleton (D:5)
  2 worms (D:2)
  A dart slug (D:1)
  2 leopard geckos (D:5)
  21 orcs
  3 ball pythons
  9 bats
  6 giant cockroaches
  8 goblins
  4 hobgoblins
  4 jackals (D:2)
  9 kobolds
  3 quokkas
  2 frilled lizards
  2 gnoll zombies (D:5)
  11 rats
206 creatures vanquished.

Vanquished Creatures (collateral kills)
  A troll (D:9)
  A wyvern (D:9)
  An ogre (D:9)
3 creatures vanquished.

Vanquished Creatures (others)
  A bullfrog (D:8)
  14 fungi
  A plant (Lair:1)
16 creatures vanquished.

Grand Total: 225 creatures vanquished

Notes
Turn   | Place    | Note
-------+----------+-------------------------------------------
     0 | D:1      | sahdkjhfkaj the Ogre Monk began the quest for the Orb.
     0 | D:1      | Reached XP level 1. HP: 24/24 MP: 1/1
   202 | D:1      | Reached XP level 2. HP: 26/33 MP: 2/2
   331 | D:1      | Reached skill level 5 in Fighting
  1151 | D:2      | Reached XP level 3. HP: 42/42 MP: 3/3
  1214 | D:2      | Reached skill level 1 in Short Blades
  1614 | D:2      | Reached XP level 4. HP: 52/52 MP: 4/4
  2290 | D:3      | Found a sacrificial altar of Ru.
  2336 | D:3      | Found a bloodstained altar of Trog.
  2814 | D:3      | Became a worshipper of Trog the Wrathful
  2814 | D:3      | Reached * piety under Trog
  2814 | D:3      | Reached ** piety under Trog
  3953 | D:4      | Reached XP level 5. HP: 59/59 MP: 5/5
  4515 | D:5      | Entered Level 5 of the Dungeon
  4521 | D:5      | Noticed an ogre
  4534 | D:5      | Reached skill level 6 in Fighting
  4534 | D:5      | Reached XP level 6. HP: 37/67 MP: 6/6
  4561 | D:5      | Reached skill level 7 in Fighting
  4606 | D:5      | Identified the ring "Yqapnu Nit" {Ice Will+}
  4699 | D:5      | Reached skill level 8 in Fighting
  4699 | D:5      | Reached XP level 7. HP: 34/80 MP: 7/7
  4729 | D:5      | Found Fisoacenn's Magic Scroll Emporium.
  4783 | D:5      | Reached skill level 9 in Fighting
  4897 | D:5      | Found a shimmering blue altar of Sif Muna.
  4900 | D:5      | Found a glowing golden altar of the Shining One.
  4904 | D:5      | Found a white marble altar of Elyvilon.
  4931 | D:5      | Found a staircase to the Ecumenical Temple.
  5138 | D:5      | Found a basalt altar of Yredelemnul.
  5447 | D:6      | Reached skill level 10 in Fighting
  5516 | D:6      | Found a stormy altar of Qazlal.
  5564 | D:6      | Reached *** piety under Trog
  5565 | D:6      | Reached XP level 8. HP: 96/96 MP: 8/8
  5576 | D:6      | Reached skill level 11 in Fighting
  5863 | D:6      | Found a burning altar of Makhleb.
  6194 | D:7      | Found an iron altar of Okawaru.
  6314 | D:7      | Reached skill level 12 in Fighting
  6376 | D:7      | Found a radiant altar of Vehumet.
  6405 | D:7      | Noticed Harold
  6489 | D:7      | Killed Harold
  6490 | D:7      | Reached skill level 14 in Fighting
  6490 | D:7      | Reached XP level 9. HP: 93/113 MP: 9/9
  6750 | D:7      | Found a shimmering altar of Xom.
  6755 | D:7      | Found a broken altar of Ashenzari.
  7089 | D:8      | Noticed Psyche
  7122 | D:8      | Killed Psyche
  7123 | D:8      | Reached skill level 15 in Fighting
  7594 | D:8      | Found a staircase to the Lair.
  7900 | D:8      | Reached skill level 16 in Fighting
  7911 | D:8      | Reached skill level 1 in Axes
  7911 | D:8      | Reached XP level 10. HP: 71/127 MP: 10/10
  8460 | D:9      | Noticed a two-headed ogre
  8473 | D:8      | Killed a two-headed ogre
  8574 | D:9      | Reached skill level 5 in Axes
  8614 | D:9      | Reached **** piety under Trog
  8884 | D:9      | Noticed a two-headed ogre
  8911 | D:9      | Killed a two-headed ogre
  9003 | D:9      | Found an ancient bone altar of Kikubaaqudgha.
  9145 | D:9      | Noticed Maggie
  9163 | D:9      | Killed Maggie
  9434 | D:9      | Found a staircase to the Orcish Mines.
  9503 | D:10     | Entered Level 10 of the Dungeon
  9582 | D:10     | Reached XP level 11. HP: 87/135 MP: 11/11
  9661 | D:10     | Found Huqocloh's Antique Armour Shop.
  9681 | D:10     | Found a portal to a secret trove of treasure.
  9686 | D:10     | Noticed a two-headed ogre
  9696 | D:10     | Killed a two-headed ogre
  9967 | D:10     | Reached skill level 10 in Axes
 10137 | Lair:1   | Entered Level 1 of the Lair of Beasts
 10447 | Lair:1   | Slain by a komodo dragon

Illustrated notes

Levels and vault maps discovered:
D:1:      nagdon_arrival_zigzag_paths, layout_basic
D:2:      layout_loops_ring
D:3:      layout_basic, nicolae_overflow_crystal_walls, nicolae_ru_awakened_eye,
          st_stairs_14
D:4:      layout_basic, serial_aquarium, aquarium_bridge_long_joined
          [aquarium_subvault_bridge, aquarium_subvault_window,
          aquarium_subvault_bridge, aquarium_subvault_bridge,
          aquarium_subvault_window, aquarium_subvault_wall], aquarium_window_2,
          aquarium_window_fake, aquarium_window_1, aquarium_view_2a,
          aquarium_balcony_double_4, nrook_mini_vaults
D:5:      layout_rooms, grunt_temple_overflow_diamond,
          lemuel_zombie_altar_yredelemnul, minmay_temple_entry_poolview,
          serial_shops, shop, hangedman_decor_growths
D:6:      layout_basic, nicolae_overflow_hidden_temple, general_overflow_altar,
          lemuel_round_altar
D:7:      layout_loops_ring, vehumet_statue, minitemple,
          okawaru_ov_weapons_minmay, uniq_harold
D:8:      layout_layer_cave, lair_entry_dummy, uniq_psyche
D:9:      layout_big_octagon, lemuel_crystal_altar, grunt_ministairs_15,
          uniq_maggie
D:10:     layout_gridville, enter_trove_1, serial_shops, kennysheep_mini_moat
Lair:1:   layout_misc_corridors, infiniplex_staircase_pool_2,
          grunt_megastairs_3, lemuel_fruit_tree, minmay_lair_oklob_chamber,
          uniq_erica

Skill      XL: |  1  2  3  4  5  6  7  8  9 10 11 |
---------------+----------------------------------+-----
Fighting       | 5 6 8 10 14 16 | 16.0
Short Blades   | 1 2 4 |  4.0
Axes           | 1 9 10 | 10.6
Polearms       | |  3.0
Dodging        | |  2.6
Stealth        | |  1.4

Action                   |  1- 3 |  4- 6 |  7- 9 | 10-12 || total
-------------------------+-------+-------+-------+-------++-------
Melee: Spear             |    49 |       |       |       ||    49
       Dagger            |    91 |   226 |   475 |   181 ||   973
       Unarmed           |       |       |     4 |       ||     4
       Broad axe         |       |       |       |    73 ||    73
Invok: Berserk           |       |     3 |    11 |     8 ||    22
       Trog's Hand       |       |     1 |     2 |     1 ||     4
       Brothers in Arms  |       |       |       |     1 ||     1
Evoke: Wand              |       |       |     2 |     1 ||     3
  Use: Potion            |       |       |     2 |       ||     2
       Scroll            |       |       |     4 |     6 ||    10
 Stab: Sleeping          |     1 |     2 |     3 |     1 ||     7
       Distracted        |       |     1 |       |     1 ||     2
       Petrified         |       |       |     2 |       ||     2
Armor: Robe              |    44 |    52 |    73 |    38 ||   207
       Skin              |       |       |     1 |       ||     1
Dodge: Dodged            |    82 |   115 |   265 |   163 ||   625

Table legend: (Time is in decaauts)
 A = Elapsed time spent in this place.
 B = Non-inter-level travel time spent in this place.
 C = Inter-level travel time spent in this place.
 D = Time resting spent in this place.
 E = Time spent auto-exploring this place.
 F = Levels seen in this place.
 G = Mean time per level.
                   A        B        C        D        E       F      G
               +--------+--------+--------+--------+--------+-----+--------+
         Total |  10488 |   9915 |    573 |    356 |   7629 |  11 |  953.5 |
       Dungeon |  10315 |   9745 |    570 |    354 |   7551 |  10 | 1031.5 |
          Lair |    173 |    170 |      3 |      1 |     77 |   1 |  173.0 |
               +--------+--------+--------+--------+--------+-----+--------+

Top non-repeatable levels by time:
     D:8: 1633 daAuts
     D:3: 1439 daAuts
     D:1: 1145 daAuts
     D:9: 1020 daAuts
     D:2: 973 daAuts
     D:4: 935 daAuts
     D:5: 909 daAuts
     D:7: 880 daAuts
     D:6: 761 daAuts
    D:10: 617 daAuts
  Lair:1: 173 daAuts
